[Event "ICC tourney 2298 (30 10)"]
[Site "Internet Chess Club"]
[Date "2021.01.10"]
[Round "1"]
[White "ZYCON"]
[Black "tidalwave09"]
[Result "1-0"]
[ICCResult "Black resigns"]
[WhiteElo "1385"]
[BlackElo "1600"]
[Opening "QGD Slav: 4.e3"]
[ECO "D11"]
[NIC "SL.01"]
[Time "11:03:47"]
[PlyCount "47"]
[TimeControl "1800+10"]

1. d4 d5 2. c4 c6 3. Nf3 Nf6 4. e3 e6 5. Bd3 Bd6 6. O-O O-O 7. Nc3 Nbd7 8.
cxd5 exd5 9. Re1 Re8 10. Qc2 c5 11. Bf5 cxd4 12. exd4 Rxe1+ 13. Nxe1 Nf8
14. Bg5 Bxf5 15. Qxf5 Be7 16. Bxf6 Bxf6 17. Nf3 Ne6 18. Nxd5 Nxd4 19. Nxf6+
gxf6 20. Qg4+ Kh8 21. Qxd4 Qe7 22. Re1 Rc8 23. Rxe7 Rc1+ 24. Re1 { Black
resigns } 1-0

[Event "ICC tourney 2298 (30 10)"]
[Site "Internet Chess Club"]
[Date "2021.01.10"]
[Round "1"]
[White "MehPlayer"]
[Black "aachess4321"]
[Result "1-0"]
[ICCResult "Black resigns"]
[WhiteElo "1554"]
[BlackElo "1246"]
[Opening "Queen's pawn: London system"]
[ECO "A45"]
[NIC "QP.07"]
[Time "11:03:42"]
[PlyCount "41"]
[TimeControl "1800+10"]

1. d4 Nf6 2. Bf4 g6 3. e3 Bg7 4. Nc3 d5 5. h4 Bf5 6. Be2 Qd7 7. Nf3 Ng4 8.
Qd2 a6 9. Ne5 Nxe5 10. dxe5 Be6 11. O-O-O Nc6 12. Nxd5 Bxd5 13. Qxd5 Qxd5
14. Rxd5 Nb4 15. Rd4 c5 16. Rd2 Nxa2+ 17. Kb1 Nb4 18. Bf3 Nc6 19. Rhd1 Rd8
20. Bxc6+ Rd7 21. Bxd7+ { Black resigns } 1-0

[Event "ICC tourney 2298 (30 10)"]
[Site "Internet Chess Club"]
[Date "2021.01.10"]
[Round "1"]
[White "blackjack721"]
[Black "tn285"]
[Result "0-1"]
[ICCResult "White resigns"]
[WhiteElo "1454"]
[BlackElo "1637"]
[Opening "Giuoco Piano"]
[ECO "C54"]
[NIC "IG.02"]
[Time "11:03:45"]
[PlyCount "52"]
[TimeControl "1800+10"]

1. e4 e5 2. Nf3 Nc6 3. Bc4 Bc5 4. c3 Nf6 5. d3 d6 6. a4 a6 7. b4 Ba7 8. Qb3
O-O 9. Ng5 Qe7 10. Nd2 h6 11. h4 hxg5 12. hxg5 Ne8 13. Nf3 Be6 14. g6 Bxc4
15. dxc4 fxg6 16. Ra2 Nd8 17. b5 Bc5 18. Ba3 Ne6 19. Re2 Bxa3 20. Qxa3 Nc5
21. Kd2 axb5 22. cxb5 Rxa4 23. Qb2 Rxe4 24. Qa2+ Qf7 25. Qd5 Qxd5+ 26. Kc2
Rxe2+ { White resigns } 0-1

[Event "ICC tourney 2298 (30 10)"]
[Site "Internet Chess Club"]
[Date "2021.01.10"]
[Round "1"]
[White "Kokosnuss1000"]
[Black "akshajp"]
[Result "0-1"]
[ICCResult "White checkmated"]
[WhiteElo "1600"]
[BlackElo "1389"]
[Opening "Sicilian: Taimanov variation"]
[ECO "B45"]
[NIC "SI.31"]
[Time "11:03:41"]
[PlyCount "74"]
[TimeControl "1800+10"]

1. e4 c5 2. Nf3 Nc6 3. Nc3 e6 4. d4 cxd4 5. Nxd4 e5 6. Nb3 Nf6 7. Bg5 Bb4
8. Bd3 a5 9. O-O Bxc3 10. bxc3 O-O 11. f4 Qb6+ 12. Kh1 Ne8 13. Qg4 f6 14.
Bh6 Kh8 15. fxe5 Nxe5 16. Qg5 gxh6 17. Qxh6 Rf7 18. Rf5 Nxd3 19. cxd3 Qd6
20. Rd5 Qf8 21. Qh4 Ng7 22. Rf1 f5 23. exf5 Nxf5 24. Rdxf5 Rxf5 25. Qd4+
Qg7 26. Rxf5 Qxd4 27. Nxd4 b6 28. Rf8+ Kg7 29. Rd8 Kf7 30. Nb5 Ke7 31. Rh8
Bb7 32. Rxh7+ Kf6 33. Rxd7 Ba6 34. Nc7 Rc8 35. Nxa6 Rxc3 36. Rd6+ Ke5 37.
Rxb6 Rc1# { White checkmated } 0-1

[Event "ICC tourney 2298 (30 10)"]
[Site "Internet Chess Club"]
[Date "2021.01.10"]
[Round "1"]
[White "DanielZahzouhi"]
[Black "jvihaan"]
[Result "1-0"]
[ICCResult "Black resigns"]
[WhiteElo "1573"]
[BlackElo "1367"]
[Opening "English opening"]
[ECO "A22"]
[NIC "EO.09"]
[Time "11:03:46"]
[PlyCount "49"]
[TimeControl "1800+10"]

1. c4 e5 2. Nc3 Nf6 3. Nf3 Bc5 4. Nxe5 d6 5. Nf3 Nc6 6. d4 Bb4 7. e3 Bg4 8.
Be2 Ne4 9. Bd2 Nxd2 10. Qxd2 O-O 11. O-O Qf6 12. a3 Bxc3 13. Qxc3 Rfe8 14.
h3 Bh5 15. b4 a6 16. b5 axb5 17. cxb5 Na5 18. Rfc1 h6 19. Qxc7 Nb3 20. Qxb7
Nxc1 21. Rxc1 Rxa3 22. b6 Bg6 23. Qc6 Bf5 24. Qxe8+ Kh7 25. b7 { Black
resigns } 1-0

[Event "ICC tourney 2298 (30 10)"]
[Site "Internet Chess Club"]
[Date "2021.01.10"]
[Round "1"]
[White "loveEdinburgh"]
[Black "atjn494"]
[Result "1-0"]
[ICCResult "Black resigns"]
[WhiteElo "1834"]
[BlackElo "1532"]
[Opening "King's Indian: 4.e4"]
[ECO "E70"]
[NIC "KI.31"]
[Time "11:03:45"]
[PlyCount "71"]
[TimeControl "1800+10"]

1. d4 Nf6 2. c4 g6 3. Nc3 Bg7 4. e4 d6 5. Bd3 O-O 6. Nge2 Nbd7 7. O-O e5 8.
d5 Nc5 9. Bc2 Ne8 10. f3 f5 11. exf5 gxf5 12. b4 Nd7 13. Rb1 Kh8 14. Be3 f4
15. Bf2 Rg8 16. c5 dxc5 17. bxc5 Bf8 18. Ne4 Nef6 19. N2c3 Qe7 20. Kh1 Qg7
21. Rg1 Nxe4 22. Nxe4 Nf6 23. Nxf6 Qxf6 24. Qd3 Qh6 25. g3 Rg5 26. gxf4 Rh5
27. Rg2 Bh3 28. Rg5 Bf5 29. Rxh5 Bxd3 30. Rxh6 Bxc2 31. Rb2 Bxh6 32. Rxc2
exf4 33. Bh4 Kg7 34. d6 Kg6 35. Rg2+ Kf5 36. d7 { Black resigns } 1-0

[Event "ICC tourney 2298 (30 10)"]
[Site "Internet Chess Club"]
[Date "2021.01.10"]
[Round "1"]
[White "inbha"]
[Black "SuperBlueSky"]
[Result "0-1"]
[ICCResult "White checkmated"]
[WhiteElo "1283"]
[BlackElo "1562"]
[Opening "Ruy Lopez: closed, anti-Marshall 8.a4"]
[ECO "C88"]
[NIC "RL.18"]
[Time "11:03:42"]
[PlyCount "154"]
[TimeControl "1800+10"]

1. e4 e5 2. Nf3 Nc6 3. Bb5 a6 4. Ba4 Nf6 5. O-O Be7 6. Re1 b5 7. Bb3 O-O 8.
a4 Bb7 9. axb5 axb5 10. Rxa8 Qxa8 11. c3 Na5 12. Bc2 Nxe4 13. Nxe5 d6 14.
Nf3 Re8 15. d3 Nf6 16. Bg5 Bxf3 17. Qxf3 Qxf3 18. gxf3 Kf8 19. Nd2 Nd5 20.
Bxe7+ Rxe7 21. Rxe7 Kxe7 22. Kg2 f5 23. Kg3 Kf6 24. h4 c5 25. f4 Nc6 26.
Nf3 h6 27. Bb3 Nde7 28. Ba2 b4 29. Bc4 Nc8 30. Bd5 N6e7 31. Bb3 bxc3 32.
bxc3 Nb6 33. Kh3 Ned5 34. Kg3 Nxc3 35. Nd2 Ne2+ 36. Kf3 Nd4+ 37. Ke3 Nxb3
38. Nxb3 Nd5+ 39. Kf3 Ke6 40. Kg3 Nb4 41. Nc1 Kd5 42. Kf3 Kd4 43. Ke2 Nd5
44. Kf3 Kc3 45. Ne2+ Kxd3 46. Nc1+ Kc2 47. Ne2 Nc3 48. Ng3 g6 49. h5 gxh5
50. Nxf5 d5 51. Ne3+ Kd3 52. f5 d4 53. f6 dxe3 54. f7 e2 55. f8=Q e1=Q 56.
Qd6+ Kc2 57. Qxc5 Qe4+ 58. Kg3 Qg4+ 59. Kh2 Qf4+ 60. Kg2 Qg5+ 61. Qxg5 hxg5
62. Kg3 Ne4+ 63. Kf3 Nxf2 64. Kxf2 Kd3 65. Kg3 Ke3 66. Kh3 Kf3 67. Kh2 g4
68. Kg1 Kg3 69. Kh1 Kf2 70. Kh2 g3+ 71. Kh3 g2 72. Kh4 g1=Q 73. Kxh5 Kf3
74. Kh6 Kf4 75. Kh7 Kf5 76. Kh8 Kf6 77. Kh7 Qg7# { White checkmated } 0-1

[Event "ICC tourney 2298 (30 10)"]
[Site "Internet Chess Club"]
[Date "2021.01.10"]
[Round "1"]
[White "APBrain"]
[Black "awakeprize"]
[Result "1/2-1/2"]
[ICCResult "Game drawn because neither player has mating material"]
[WhiteElo "1639"]
[BlackElo "1470"]
[Opening "Sicilian: Grand Prix attack"]
[ECO "B23"]
[NIC "SI.44"]
[Time "11:03:41"]
[PlyCount "108"]
[TimeControl "1800+10"]

1. e4 c5 2. Nc3 Nc6 3. f4 e6 4. Nf3 d5 5. d3 dxe4 6. dxe4 Qxd1+ 7. Nxd1 Nf6
8. Bd3 Nb4 9. Bd2 c4 10. Bxb4 Bxb4+ 11. c3 cxd3 12. cxb4 Nxe4 13. Nf2 Nxf2
14. Kxf2 b6 15. Ne5 Ba6 16. Rad1 Rc8 17. Rc1 O-O 18. Ke3 Rxc1 19. Rxc1 Rd8
20. Rd1 Rc8 21. Nxd3 f6 22. a4 Rc2 23. Rd2 Rxd2 24. Kxd2 Kf7 25. a5 bxa5
26. bxa5 Bb5 27. Kc3 a6 28. b4 Kg6 29. Kd4 Kf5 30. g3 g5 31. Nc5 gxf4 32.
gxf4 e5+ 33. fxe5 fxe5+ 34. Kd5 h6 35. Ne4 Bd3 36. Nd6+ Kf4 37. b5 axb5 38.
a6 Be2 39. a7 b4 40. Kc5 Bf3 41. Kxb4 Kg4 42. Nf7 Kh3 43. Nxh6 Ba8 44. Kc4
e4 45. Kd4 Kxh2 46. Ke3 Kg3 47. Nf5+ Kg4 48. Nd6 Kg5 49. Nxe4+ Kf5 50. Kd2
Kxe4 51. Kc3 Kd5 52. Kb4 Kc6 53. Ka5 Kb7 54. Kb5 Kxa7 { Game drawn because
neither player has mating material } 1/2-1/2

[Event "ICC tourney 2298 (30 10)"]
[Site "Internet Chess Club"]
[Date "2021.01.10"]
[Round "1"]
[White "muzikmixer"]
[Black "SoaringHawk24"]
[Result "1-0"]
[ICCResult "Black checkmated"]
[WhiteElo "1633"]
[BlackElo "1440"]
[Opening "Mieses opening"]
[ECO "A00"]
[NIC "VO.13"]
[Time "11:03:42"]
[PlyCount "79"]
[TimeControl "1800+10"]

1. d3 e5 2. Nf3 Nc6 3. c3 Nf6 4. e4 d6 5. Bg5 h6 6. Bh4 g5 7. Bg3 Bg4 8.
Be2 Qd7 9. Nbd2 Bg7 10. h3 Bh5 11. Qa4 O-O 12. h4 Bxf3 13. gxf3 g4 14. fxg4
Nxg4 15. h5 Nf6 16. O-O-O Rfb8 17. Rdg1 b5 18. Qd1 Kh8 19. Bh4 Qe7 20. Bg4
b4 21. Qf3 bxc3 22. bxc3 Rb6 23. Bh3 Rab8 24. Rxg7 Kxg7 25. Rg1+ Kf8 26.
Bxf6 Rb2 27. Rg8+ Kxg8 28. Qg3+ Kf8 29. Qg7+ Ke8 30. Bxe7 Kxe7 31. Qxh6
Rxa2 32. Qg5+ Ke8 33. h6 Ra1+ 34. Kc2 Ra2+ 35. Kd1 Ne7 36. h7 Ng6 37. Qxg6
Ke7 38. Qg5+ f6 39. Qg7+ Kd8 40. Qd7# { Black checkmated } 1-0

[Event "ICC tourney 2298 (30 10)"]
[Site "Internet Chess Club"]
[Date "2021.01.10"]
[Round "1"]
[White "SunnyCountry"]
[Black "weakfish"]
[Result "0-1"]
[ICCResult "White checkmated"]
[WhiteElo "1348"]
[BlackElo "1565"]
[Opening "Caro-Kann: classical variation"]
[ECO "B18"]
[NIC "CK.10"]
[Time "11:03:57"]
[PlyCount "112"]
[TimeControl "1800+10"]

1. e4 c6 2. d4 d5 3. Nc3 dxe4 4. Nxe4 Bf5 5. Ng3 Bg6 6. Nf3 Nd7 7. Bd3 Bxd3
8. Qxd3 Ngf6 9. O-O e6 10. Bg5 Be7 11. Rfe1 O-O 12. a3 h6 13. Bd2 Qc7 14.
c4 Rad8 15. Bc3 Rfe8 16. Rad1 c5 17. Qe2 cxd4 18. Nxd4 Nb6 19. Nb5 Qxc4 20.
Qxc4 Nxc4 21. Nxa7 Ng4 22. Nb5 Bc5 23. Bd4 Bxd4 24. Rxd4 Rxd4 25. Nxd4 Rd8
26. Rd1 e5 27. f3 Nge3 28. Re1 exd4 29. Kf2 Nxb2 30. Kg1 Nbc4 31. a4 d3 32.
Nf1 Nxf1 33. Kxf1 d2 34. Rb1 d1=Q+ 35. Rxd1 Rxd1+ 36. Ke2 Ra1 37. Kd3 Nb6
38. Kd4 Rxa4+ 39. Ke5 Ra2 40. Kd6 Rxg2 41. Kc7 Nc4 42. Kxb7 Rxh2 43. Kc6
Rf2 44. Kd5 Rxf3 45. Kxc4 h5 46. Kd4 h4 47. Ke4 Ra3 48. Kd4 h3 49. Ke4 h2
50. Kd4 h1=Q 51. Ke5 Qh5+ 52. Kd4 Qg4+ 53. Kc5 Ra5+ 54. Kc6 Qe6+ 55. Kc7
Ra7+ 56. Kd8 Qd7# { White checkmated } 0-1

[Event "ICC tourney 2298 (30 10)"]
[Site "Internet Chess Club"]
[Date "2021.01.10"]
[Round "1"]
[White "solveur"]
[Black "tricksterssbu"]
[Result "0-1"]
[ICCResult "White resigns"]
[WhiteElo "1435"]
[BlackElo "1631"]
[Opening "QGD"]
[ECO "D52"]
[NIC "SL.01"]
[Time "11:03:53"]
[PlyCount "122"]
[TimeControl "1800+10"]

1. d4 d5 2. c4 c6 3. Nc3 Nf6 4. Bg5 e6 5. e3 Nbd7 6. Nf3 Be7 7. Bd3 dxc4 8.
Bxc4 b5 9. Bd3 a6 10. O-O Bb7 11. Rc1 O-O 12. Bf4 c5 13. Ne5 Nxe5 14. Bxe5
Rc8 15. a4 b4 16. Ne2 a5 17. b3 Qd7 18. Bxf6 Bxf6 19. dxc5 Rfd8 20. Bb5
Qxd1 21. Rfxd1 Rxd1+ 22. Rxd1 Rxc5 23. Rc1 Rxc1+ 24. Nxc1 Bd5 25. Bc4 Bxc4
26. bxc4 Kf8 27. Kf1 Ke7 28. Ke2 Kd6 29. Nb3 Bd8 30. Kd3 e5 31. Ke4 Ke6 32.
Nc5+ Kd6 33. Nb3 g6 34. c5+ Ke6 35. Kd3 f5 36. e4 fxe4+ 37. Kxe4 Bc7 38. h3
h6 39. f3 h5 40. h4 Bd8 41. g3 Bc7 42. g4 hxg4 43. fxg4 Bd8 44. g5 Bc7 45.
Nd2 Bd8 46. Nb3 Be7 47. Nxa5 Bxc5 48. Nb3 Bf2 49. a5 Bxh4 50. a6 Bf2 51.
Kf3 Bg1 52. Ke4 Ba7 53. Nd2 Bg1 54. Nb3 Kd6 55. Nc1 Ba7 56. Nb3 Bb8 57. Nc1
Kc6 58. a7 Bxa7 59. Kxe5 Kb5 60. Kf6 Kc4 61. Kxg6 Be3 { White resigns } 0-1

[Event "ICC tourney 2298 (30 10)"]
[Site "Internet Chess Club"]
[Date "2021.01.10"]
[Round "1"]
[White "GrandWizard"]
[Black "AbruptFir"]
[Result "1-0"]
[ICCResult "Black resigns"]
[WhiteElo "1806"]
[BlackElo "1520"]
[Opening "Gedult's opening"]
[ECO "A00"]
[Time "11:03:48"]
[PlyCount "107"]
[TimeControl "1800+10"]

1. f3 d5 2. d4 c6 3. c4 Nf6 4. Nc3 e6 5. Bg5 Nbd7 6. cxd5 exd5 7. g3 Be7 8.
Bh3 O-O 9. Kf2 h6 10. Bxf6 Nxf6 11. Qd3 Bxh3 12. Nxh3 Qd7 13. Kg2 Rfe8 14.
Nf2 Rac8 15. Rad1 Bb4 16. Rhe1 Re7 17. a3 Ba5 18. b4 Bb6 19. Na4 Rce8 20.
Nxb6 axb6 21. e4 dxe4 22. fxe4 c5 23. dxc5 Qxd3 24. Rxd3 Nxe4 25. Nxe4 Rxe4
26. Rxe4 Rxe4 27. Rd8+ Kh7 28. cxb6 Re6 29. Rd7 Rxb6 30. Rxf7 Ra6 31. Rf3
b5 32. Kf2 Re6 33. Re3 Rf6+ 34. Ke2 Rd6 35. Rd3 Re6+ 36. Kd2 Rf6 37. Kc3
Rf2 38. h4 Rf5 39. Kd4 Kg6 40. Ke4 h5 41. Rd6+ Rf6 42. Rxf6+ gxf6 43. Kf4
Kf7 44. g4 hxg4 45. Kxg4 Kg6 46. h5+ Kh6 47. Kf5 Kxh5 48. Kxf6 Kg4 49. Ke5
Kf3 50. Kd4 Ke2 51. Kc5 Kd3 52. Kxb5 Kc3 53. a4 Kb3 54. a5 { Black resigns
} 1-0

[Event "ICC tourney 2298 (30 10)"]
[Site "Internet Chess Club"]
[Date "2021.01.10"]
[Round "1"]
[White "NickManley1987"]
[Black "vober6"]
[Result "0-1"]
[ICCResult "White resigns"]
[WhiteElo "1543"]
[BlackElo "1876"]
[Opening "Giuoco Piano"]
[ECO "C54"]
[NIC "IG.02"]
[Time "11:04:34"]
[PlyCount "48"]
[TimeControl "1800+10"]

1. e4 e5 2. Nf3 Nc6 3. Bc4 Bc5 4. c3 Nf6 5. d4 exd4 6. cxd4 Bb4+ 7. Bd2
Bxd2+ 8. Nbxd2 d5 9. exd5 Nxd5 10. Qb3 Na5 11. Qa4+ c6 12. O-O Nxc4 13.
Rfe1+ Be6 14. Qxc4 O-O 15. Rac1 Rc8 16. Qa4 a6 17. Ne4 Nf4 18. Nc5 Bd5 19.
Qa3 Rc7 20. b4 Qf6 21. Rc3 Qg6 22. g3 Ne6 23. Rce3 Qh5 24. Qb2 Bxf3 { White
resigns } 0-1

[Event "ICC tourney 2298 (30 10)"]
[Site "Internet Chess Club"]
[Date "2021.01.10"]
[Round "1"]
[White "chesslin"]
[Black "crazyhorse9"]
[Result "1/2-1/2"]
[ICCResult "Game drawn by repetition"]
[WhiteElo "1765"]
[BlackElo "1493"]
[Opening "Queen's pawn: London system"]
[ECO "A45"]
[NIC "QP.07"]
[Time "11:03:52"]
[PlyCount "64"]
[TimeControl "1800+10"]

1. d4 Nf6 2. Bf4 e6 3. e3 b6 4. Nf3 Bb7 5. c4 Be7 6. Nc3 d6 7. h3 Nbd7 8.
Bh2 O-O 9. Be2 d5 10. O-O c5 11. Rc1 Nb8 12. Qa4 Nc6 13. Rfd1 Bd6 14. Ne5
Rc8 15. cxd5 exd5 16. Bb5 Ne7 17. Qxa7 Ra8 18. Qxb7 Rb8 19. Qa7 Ra8 20. Qb7
Rb8 21. Qa6 Ra8 22. Qb7 Rb8 23. Qa6 Ra8 24. Qb7 Rb8 25. Qa6 Ra8 26. Qb7 Rb8
27. Qa7 Ra8 28. Qb7 Rb8 29. Qa7 Ra8 30. Qb7 Rb8 31. Qa6 Ra8 32. Qb7 Rb8 {
Game drawn by repetition } 1/2-1/2

[Event "ICC tourney 2298 (30 10)"]
[Site "Internet Chess Club"]
[Date "2021.01.10"]
[Round "1"]
[White "wulovechess"]
[Black "che2468"]
[Result "0-1"]
[ICCResult "White checkmated"]
[WhiteElo "1617"]
[BlackElo "1433"]
[Opening "Sicilian: Sozin, 7.Be3"]
[ECO "B89"]
[NIC "SI.25"]
[Time "11:03:41"]
[PlyCount "82"]
[TimeControl "1800+10"]

1. e4 c5 2. Nf3 d6 3. d4 cxd4 4. Nxd4 Nf6 5. Nc3 Nc6 6. Be3 e6 7. Bc4 Be7
8. Bb3 O-O 9. O-O Na5 10. Qd2 Nxb3 11. axb3 d5 12. f3 dxe4 13. fxe4 Qd7 14.
Qd3 b6 15. Nce2 Bb7 16. Ng3 Ng4 17. c3 Nxe3 18. Qxe3 e5 19. Ndf5 Bc5 20.
Nd4 exd4 21. Qg5 dxc3+ 22. Kh1 cxb2 23. Rad1 Qe7 24. Qxg7+ Kxg7 25. Nf5+
Kh8 26. Nxe7 Bxe7 27. Rd7 Bxe4 28. Rxe7 b1=Q 29. Rxb1 Bxb1 30. b4 Rfe8 31.
Rxe8+ Rxe8 32. h3 Re4 33. Kh2 Rxb4 34. Kg3 a5 35. Kf3 a4 36. g4 a3 37. Kg3
a2 38. Kh4 a1=Q 39. Kh5 Qf6 40. h4 Bg6+ 41. Kh6 Qxh4# { White checkmated }
0-1

[Event "ICC tourney 2298 (30 10)"]
[Site "Internet Chess Club"]
[Date "2021.01.10"]
[Round "1"]
[White "hemtej-g"]
[Black "jvinamra"]
[Result "0-1"]
[ICCResult "White resigns"]
[WhiteElo "1562"]
[BlackElo "1292"]
[Opening "QGD: 3...Nf6"]
[ECO "D35"]
[NIC "QO.16"]
[Time "11:03:43"]
[PlyCount "124"]
[TimeControl "1800+10"]

1. d4 Nf6 2. c4 e6 3. Nc3 d5 4. e3 Be7 5. Nf3 O-O 6. Be2 Nbd7 7. O-O c5 8.
b3 b6 9. Bb2 Bb7 10. Re1 Re8 11. h3 a6 12. Qc2 cxd4 13. Nxd4 Ne5 14. cxd5
Nxd5 15. Nxd5 Qxd5 16. Nf3 Rac8 17. Qd1 Nxf3+ 18. Bxf3 Qxd1 19. Bxd1 Bb4
20. Re2 Red8 21. Bd4 Bc5 22. Be5 Be4 23. Bc2 Bd6 24. Bxd6 Bxc2 25. Rc1 Rxd6
26. Rexc2 Rxc2 27. Rxc2 Kf8 28. b4 Ke8 29. f3 Kd7 30. Kf2 Rc6 31. Rxc6 Kxc6
32. a4 Kd5 33. a5 bxa5 34. bxa5 Kc5 35. f4 Kb5 36. e4 Kxa5 37. Ke3 Kb4 38.
Kd2 Kb3 39. Kc1 a5 40. f5 exf5 41. exf5 a4 42. g4 f6 43. h4 h6 44. h5 a3
45. Kb1 a2+ 46. Ka1 Kc3 47. Kxa2 Kd3 48. Kb2 Ke3 49. Kc2 Kf4 50. Kd3 Kxg4
51. Ke4 Kxh5 52. Kf4 g6 53. fxg6 Kxg6 54. Kg4 f5+ 55. Kf4 Kf6 56. Kg3 Kg5
57. Kf3 h5 58. Kg3 f4+ 59. Kh3 h4 60. Kh2 Kg4 61. Kg2 h3+ 62. Kh2 Kf3 {
White resigns } 0-1

[Event "ICC tourney 2298 (30 10)"]
[Site "Internet Chess Club"]
[Date "2021.01.10"]
[Round "1"]
[White "atharvamchess"]
[Black "RishiMurali"]
[Result "1/2-1/2"]
[ICCResult "Game drawn by mutual agreement"]
[WhiteElo "1476"]
[BlackElo "1763"]
[Opening "Queen's pawn: London system"]
[ECO "A45"]
[NIC "QP.07"]
[Time "11:03:38"]
[PlyCount "85"]
[TimeControl "1800+10"]

1. d4 Nf6 2. Bf4 d5 3. e3 e6 4. Bd3 c5 5. c3 Nc6 6. Nf3 c4 7. Bc2 Bd6 8.
Bg3 Bxg3 9. hxg3 a6 10. Nbd2 b5 11. e4 dxe4 12. Nxe4 h6 13. O-O Nxe4 14.
Bxe4 Bb7 15. Re1 O-O 16. Ne5 Qc8 17. Nxc6 Bxc6 18. Bxc6 Qxc6 19. Qf3 Qb6
20. Qe2 a5 21. a3 Rfc8 22. Rec1 Rab8 23. Rab1 Rb7 24. b4 cxb3 25. Rxb3 a4
26. Rb2 Rc4 27. Qd2 Rd7 28. Rcb1 Qa5 29. Rc2 Rdc7 30. Rb4 Rxb4 31. cxb4
Rxc2 32. Qxc2 Qb6 33. Qc5 Qb8 34. Kf1 Qb7 35. f3 Qd5 36. Qxd5 exd5 37. Ke2
Kf8 38. Ke3 Ke7 39. Kf4 Ke6 40. g4 g5+ 41. Ke3 f5 42. gxf5+ Kxf5 43. g4+ {
Game drawn by mutual agreement } 1/2-1/2

[Event "ICC tourney 2298 (30 10)"]
[Site "Internet Chess Club"]
[Date "2021.01.10"]
[Round "1"]
[White "JoRDy2025"]
[Black "blueocean07"]
[Result "1-0"]
[ICCResult "Black checkmated"]
[WhiteElo "1420"]
[BlackElo "1605"]
[Opening "Sicilian: Pelikan, Chelyabinsk variation"]
[ECO "B33"]
[NIC "SI.37"]
[Time "11:03:43"]
[PlyCount "141"]
[TimeControl "1800+10"]

1. e4 c5 2. Nf3 Nc6 3. d4 cxd4 4. Nxd4 Nf6 5. Nc3 e5 6. Ndb5 d6 7. Bg5 a6
8. Na3 b5 9. Nd5 Be7 10. Nxe7 Qxe7 11. Be2 h6 12. Bh4 Be6 13. Bxf6 Qxf6 14.
c3 Rd8 15. Nc2 O-O 16. Ne3 Ne7 17. Bf3 Qg6 18. O-O f5 19. exf5 Nxf5 20. Be4
Rf6 21. Nd5 Bxd5 22. Qxd5+ Kh8 23. Qd3 d5 24. Bxf5 Qxf5 25. Qxf5 Rxf5 26.
Rad1 d4 27. Rd3 Rf6 28. Re1 Rd5 29. g3 g5 30. Red1 Rfd6 31. Kg2 Kg7 32. Kf3
Kf6 33. Ke4 Ke6 34. cxd4 exd4 35. Rxd4 Re5+ 36. Kf3 Rf5+ 37. Kg2 Rxd4 38.
Rxd4 Rc5 39. Rd2 a5 40. Kf3 Kf5 41. Re2 g4+ 42. Ke3 Re5+ 43. Kd3 Rxe2 44.
Kxe2 Ke4 45. a3 a4 46. h4 h5 47. Ke1 Kf3 48. Kf1 Ke4 49. Ke2 Kd4 50. f3
gxf3+ 51. Kxf3 Kc4 52. g4 hxg4+ 53. Kxg4 Kb3 54. h5 Kxb2 55. h6 Kxa3 56. h7
b4 57. h8=Q Ka2 58. Qd4 Ka3 59. Qa1+ Kb3 60. Kf3 a3 61. Ke3 Kc2 62. Qa2+
Kc3 63. Ke4 b3 64. Qxa3 Kc2 65. Qc5+ Kb1 66. Kd3 Ka2 67. Kc3 b2 68. Qa5+
Kb1 69. Qa3 Kc1 70. Qxb2+ Kd1 71. Qd2# { Black checkmated } 1-0

[Event "ICC tourney 2298 (30 10)"]
[Site "Internet Chess Club"]
[Date "2021.01.10"]
[Round "1"]
[White "PStricker"]
[Black "Fischeresque930"]
[Result "0-1"]
[ICCResult "White resigns"]
[WhiteElo "1519"]
[BlackElo "1776"]
[Opening "QGD: 6.Nf3"]
[ECO "D55"]
[NIC "QO.13"]
[Time "11:03:49"]
[PlyCount "128"]
[TimeControl "1800+10"]

1. d4 d5 2. c4 e6 3. Nc3 Nf6 4. Bg5 Be7 5. Nf3 O-O 6. e3 c6 7. Qc2 Nbd7 8.
Bd3 h6 9. Bh4 b6 10. O-O Bb7 11. b3 Rc8 12. Rac1 Kh8 13. Rfe1 Rg8 14. Bg3
Qf8 15. e4 dxe4 16. Nxe4 c5 17. Rcd1 Nxe4 18. Bxe4 Bxe4 19. Qxe4 Nf6 20.
Qd3 cxd4 21. Qxd4 Bc5 22. Bd6 Bxd4 23. Bxf8 Bxf2+ 24. Kxf2 Rgxf8 25. Ne5
Rc7 26. Kf3 g6 27. Rf1 Kg7 28. Ke3 Rfc8 29. Rd4 Ne8 30. Rfd1 Re7 31. Rd7
Rc7 32. Rd8 f6 33. Nf3 e5 34. Ne1 Kf7 35. Nc2 a5 36. Ke2 h5 37. Ne3 Rb7 38.
Nd5 Re6 39. Ke3 Ng7 40. Nc3 Nf5+ 41. Kf2 Nd4 42. Ne4 Rbe7 43. Nd6+ Kg7 44.
Nc8 Rc7 45. Nd6 Kh6 46. Ne8 Rh7 47. Nd6 g5 48. Ne4 Kg6 49. Rf1 h4 50. Ke3
Rg7 51. Rf8 f5 52. Nd2 Rd6 53. Nf3 Nxf3 54. Rxf3 Rf6 55. Re8 e4 56. Rf2 Rd6
57. Re5 Rf7 58. Rd2 f4+ 59. Ke2 f3+ 60. gxf3 exf3+ 61. Ke3 Rxd2 62. Kxd2 f2
63. Re6+ Kh5 64. h3 f1=Q { White resigns } 0-1

[Event "ICC tourney 2298 (30 10)"]
[Site "Internet Chess Club"]
[Date "2021.01.10"]
[Round "1"]
[White "mnm2"]
[Black "couchpotato26"]
[Result "0-1"]
[ICCResult "White resigns"]
[WhiteElo "1526"]
[BlackElo "1827"]
[Opening "Scotch: Mieses variation"]
[ECO "C45"]
[NIC "SO.04"]
[Time "11:03:48"]
[PlyCount "134"]
[TimeControl "1800+10"]

1. e4 e5 2. Nf3 Nc6 3. d4 exd4 4. Nxd4 Nf6 5. Nxc6 bxc6 6. e5 Nd5 7. c4 Nb6
8. Nc3 Be7 9. Bd3 O-O 10. O-O d5 11. exd6 cxd6 12. Re1 Be6 13. b3 Bf6 14.
Bb2 d5 15. cxd5 cxd5 16. Qc2 g6 17. Rad1 Rc8 18. Qd2 Bg7 19. Ne2 Qh4 20.
Bxg7 Kxg7 21. Nf4 Rfe8 22. Nxe6+ fxe6 23. Qb2+ Qf6 24. Qa3 Re7 25. Re3 e5
26. Rde1 e4 27. f3 Rf8 28. Qb4 Rd7 29. Bb5 Rdd8 30. Kh1 exf3 31. Rxf3 Qb2
32. Qe7+ Kg8 33. Ref1 Qg7 34. Qe6+ Kh8 35. Rxf8+ Rxf8 36. Rxf8+ Qxf8 37.
Qe8 Kg7 38. Qe5+ Qf6 39. Qc7+ Kh6 40. Qc1+ g5 41. Qc6 Qxc6 42. Bxc6 Kg7 43.
Kg1 Kf6 44. Kf2 Ke5 45. Ke3 Nc8 46. a4 a5 47. Bb5 Nd6 48. Kd3 h5 49. g3 h4
50. gxh4 gxh4 51. Ke3 d4+ 52. Kd3 Ne4 53. Bc6 Nf2+ 54. Ke2 Ng4 55. h3 Ne3
56. Bb5 Nd5 57. Bc4 Nf4+ 58. Kd2 Nxh3 59. Bf1 Nf4 60. Be2 h3 61. Bf3 Ng2
62. Ke2 Kf4 63. Kf2 Ne3 64. Bh1 d3 65. Ke1 Nc2+ 66. Kd2 Nb4 67. Kc3 Ke3 {
White resigns } 0-1

[Event "ICC tourney 2298 (30 10)"]
[Site "Internet Chess Club"]
[Date "2021.01.10"]
[Round "2"]
[White "jvihaan"]
[Black "hemtej-g"]
[Result "1-0"]
[ICCResult "Black resigns"]
[WhiteElo "1367"]
[BlackElo "1562"]
[Opening "QGD Slav defense"]
[ECO "D10"]
[NIC "SL.01"]
[Time "13:01:36"]
[PlyCount "85"]
[TimeControl "1800+10"]

1. d4 d5 2. c4 c6 3. Nc3 Bf5 4. Bf4 Nf6 5. e3 e6 6. Nge2 Nbd7 7. cxd5 exd5
8. Ng3 Bg6 9. Bd3 Bb4 10. O-O O-O 11. Bxg6 fxg6 12. Qb3 Be7 13. Qxb7 Qb6
14. Qxb6 Nxb6 15. Rac1 Rac8 16. Nge2 Nh5 17. h3 g5 18. Bh2 Nf6 19. Ng3 g4
20. Nf5 Bd8 21. h4 Nfd7 22. Nd6 Ra8 23. Bg3 Bc7 24. Ne2 Bxd6 25. Bxd6 Rf6
26. Bc5 Nxc5 27. Rxc5 Nc4 28. b3 Nd2 29. Rfc1 Rc8 30. R5c2 Ne4 31. Nf4 g3
32. f3 Nf2 33. Nxd5 Rh6 34. Ne7+ Kf7 35. Nxc8 Rxh4 36. Rxf2 gxf2+ 37. Kxf2
Rh6 38. Nxa7 c5 39. Rxc5 Ra6 40. Rc7+ Kf6 41. a4 Rb6 42. Rc6+ Rxc6 43. Nxc6
{ Black resigns } 1-0